 Dungeon Crawl Stone Soup version 0.29.1-1-gd02db69 (webtiles) character file.

Game seed: 17967583036164537174

75 McFuzz the Covered (level 4, -4/35 HPs)
             Began as a Human Fighter on Jan 27, 2023.
             Was an Initiate of Sif Muna.
             Slain by an iguana (8 damage)
             ... on level 4 of the Dungeon on Feb 1, 2023.
             The game lasted 00:08:31 (1804 turns).

McFuzz the Covered (Human Fighter)                  Turns: 1804, Time: 00:08:32

Health: -4/35      AC:  8    Str: 18    XL:     4   Next: 55%
Magic:  4/4        EV:  9    Int:  8    God:    Sif Muna [......]
Gold:   137        SH:  5    Dex: 13    Spells: 3/3 levels left

rFire   . . .      SeeInvis .   a - +0 long sword
rCold   . . .      Faith    .   c - +0 buckler
rNeg    . . .      Spirit   .   b - +0 scale mail
rPois   .          Reflect  .   (no helmet)
rElec   .          Harm     .   (no cloak)
rCorr   .          Rampage  .   (no gloves)
Will    .....                   h - +0 pair of boots
Stlth   ..........              (no amulet)
HPRegen 0.11/turn               (no ring)
MPRegen 0.09/turn               (no ring)

@: no status effects
A: no striking features
a: Renounce Religion


You were on level 4 of the Dungeon.
You worshipped Sif Muna.
Sif Muna was noncommittal.
You visited 1 branch of the dungeon, and saw 4 of its levels.

You collected 137 gold pieces.

Inventory:

Hand Weapons
 a - a +0 long sword (weapon)
Armour
 b - a +0 scale mail (worn)
 c - a +0 buckler (worn)
 h - a +0 pair of boots (worn)
Wands
 l - a wand of charming (12)
Scrolls
 i - a scroll of noise {unknown}
 k - a scroll of summoning {unknown}
 m - 2 scrolls of identify {unknown}
Potions
 d - a potion of might
 e - a potion of mutation {unknown}
 f - a potion of flight {unknown}
 g - a potion of lignification {unknown}
 j - a potion of curing {unknown}


   Skills:
 + Level 3.3 Fighting
 + Level 3.2 Long Blades
 + Level 3.5 Armour
 + Level 0.2 Dodging
 + Level 0.1 Stealth
 + Level 3.4 Shields


You had 3 spell levels left.
You didn't know any spells.
Your spell library contained the following spells:

 Spells                   Type           Power      Damage    Failure   Level
 Ensorcelled Hibernation  Hex/Ice        0%         N/A       95%         2
 Spider Form              Tmut/Pois      0%         N/A       99%         3
 Anguish                  Hex/Necr       0%         N/A       100%        4


Dungeon Overview and Level Annotations

Branches:
Dungeon (4/15)             Temple (0/1) D:4

Altars:
Sif Muna


Message History

a +0 short sword; 4 stones; a kobold corpse
l - a wand of charming (12)
Found a stone staircase leading down.
Found a spear.
There is a stone staircase leading down here.
You climb downwards.
Found a scroll labelled NAONILACOO and 13 gold pieces.
Found two stone staircases leading up.
There is a stone staircase leading up here.
Found a scroll labelled NAONILACOO.
m - a scroll labelled NAONILACOO You now have 123 gold pieces (gained 13).
m - 2 scrolls labelled NAONILACOO (gained 1)
A hobgoblin comes into view.
The hobgoblin closely misses you.
You closely miss the hobgoblin. You block the hobgoblin's attack.
You hit the hobgoblin.
You kill the hobgoblin!
Sif Muna accepts your kill.
Found 14 gold pieces and a scroll labelled NAONILACOO.
You now have 137 gold pieces (gained 14).
An iguana comes into view.
The iguana hisses angrily.
The iguana moves out of view.
Found a staircase to the Ecumenical Temple.
You block the iguana's attack.
You hit the iguana.
The iguana is moderately wounded.
The iguana bites you! x2
You barely miss the iguana.
The iguana is moderately wounded.
You block the iguana's attack.
You hit the iguana but do no damage.
The iguana is moderately wounded.
The iguana bites you!
* * * LOW HITPOINT WARNING * * *
You closely miss the iguana.
The iguana is moderately wounded.
The iguana barely misses you. The iguana bites you!
You die...

#.# #.# #
#.# ..
#####.# ..P
#.....# ..PP
#.#####
.P.>. #.#
.PPP..####.#
#....Pl@...#
###...######
#.# #


You could see an iguana.

Vanquished Creatures
  2 adders (D:2)
  A worm (D:3)
  2 ball pythons
  5 endoplasms (D:1)
  2 giant cockroaches (D:1)
  4 goblins
  4 hobgoblins
  11 jackals
  6 kobolds
  3 quokkas (D:1)
  2 bats
  2 frilled lizards (D:1)
  3 rats
47 creatures vanquished.

Notes
Turn   | Place    | Note
-------+----------+-------------------------------------------
     0 | D:1      | McFuzz the Human Fighter began the quest for the Orb.
     0 | D:1      | Reached XP level 1. HP: 18/18 MP: 1/1
   219 | D:1      | Reached XP level 2. HP: 24/24 MP: 2/2
   643 | D:1      | Reached XP level 3. HP: 29/29 MP: 3/3
   912 | D:1      | Found a faded altar of an unknown god.
   939 | D:1      | Prayed at the altar of an unknown god.
   939 | D:1      | Became a worshipper of Sif Muna the Loreminder
   939 | D:1      | Reached * piety under Sif Muna
   951 | D:1      | Fell from the grace of Sif Muna
   962 | D:1      | Became a worshipper of Sif Muna the Loreminder
  1331 | D:2      | Reached XP level 4. HP: 19/35 MP: 4/4
  1799 | D:4      | Found a staircase to the Ecumenical Temple.
  1804 | D:4      | Slain by an iguana

Illustrated notes

Levels and vault maps discovered:
D:1:      dpeg_arrival_yet_another_circle, layout_rooms,
          hellmonk_ecumenical_altar_inner_sanctum, st_stairs_14,
          hangedman_decor_lopped, minmay_misc_feat_cross
D:2:      layout_basic, minmay_statues_item, interstate_on_off,
          minmay_quadrilaterals
D:3:      layout_basic, chequers_mini_garden
D:4:      layout_loops_ring, nicolae_overflow_hallway_of_the_gods,
          minmay_temple_entry_overgrown

Skill      XL: |  1  2  3  4 |
---------------+-------------+-----
Long Blades    | 3 |  3.2
Fighting       | |  3.3
Armour         | |  3.5
Dodging        | |  0.2
Stealth        | |  0.1
Shields        | |  3.4

Action                   |  1- 3 |  4- 6 || total
-------------------------+-------+-------++-------
Melee: Long sword        |   121 |    33 ||   154
Invok: Renounce Religion |     1 |       ||     1
Armor: Scale mail        |    67 |    26 ||    93
Dodge: Dodged            |    43 |    19 ||    62
Block: Buckler           |    28 |    12 ||    40
